 Dungeon Crawl Stone Soup version 0.30.1-11-g7821555f0a (webtiles) character file.

Game seed: 14631927484973507414

23 ChrisAssaf the Magician (level 3, -6/25 HPs)
             Began as a Djinni Venom Mage on Nov 19, 2023.
             Was a High Priest of Ignis.
             Mangled by an iguana (11 damage)
             ... on level 3 of the Dungeon.
             The game lasted 00:02:24 (447 turns).

ChrisAssaf the Magician (Djinni Venom Mage)          Turns: 447, Time: 00:02:25

Health: -6/25      AC:  2    Str:  9    XL:     3   Next: 10%
Gold:   11         EV: 12    Int: 16    God:    Ignis [*****.] SH:  0 Dex: 13

rFire   + + +        c - +0 dagger
rCold   x . .        (no shield)
rNeg    . . .        a - +0 robe
rPois   ∞            (no helmet)
rElec   .            (no cloak)
rCorr   .            (no gloves)
SInv    .            (boots unavailable)
Will    .....        (no amulet)
Stlth   ++           (no ring)
HPRegen 0.24/turn    (no ring)
MPRegen 0.00/turn

%: infuse magic (-7 HP)
@: flying
A: sickness immunity, fire resistance 2, cold vulnerability 1, float, innate
caster, HP casting, extra vitality 1
a: Renounce Religion, Fiery Armour, Foxfire Swarm, Rising Flame


You were on level 3 of the Dungeon.
You worshipped Ignis.
Ignis was extremely pleased with you.
You visited 1 branch of the dungeon, and saw 3 of its levels.

You collected 11 gold pieces.

Inventory:

Hand Weapons
 c - a +0 dagger (weapon)
Armour
 a - a +0 robe (worn)
Scrolls
 e - a scroll of butterflies {unknown}
 f - a scroll of enchant weapon {unknown}
Potions
 b - a potion of lignification {unknown}
 d - a potion of mutation {unknown}


   Skills:
 * Level 0.3 Fighting
 * Level 0.2 Armour
 * Level 2.3 Dodging
 * Level 1.7 Stealth
 * Level 3.0 Spellcasting


You knew the following spells:

 Your Spells              Type           Power      Damage    Failure   Level
a - Sting                 Tmut/Pois      48%        1d5       5%          1
b - Poisonous Vapours     Pois/Air       24%        N/A       9%          2
c - Mephitic Cloud        Conj/Pois/Air  12%        N/A       16%         3
d - Olgreb's Toxic Radia  Pois           12%        N/A       47%         4
e - Kiss of Death         Conj/Necr      48%        2d9       5%          1
Your spell library was empty.

Dungeon Overview and Level Annotations

Branches:
Dungeon (3/15)

Altars:
Ignis

Shops:
D:2 :


Innate Abilities, Weirdness & Mutations

You are immune to sickness and miasma.
You are immune to poison.
Your flesh is very heat resistant. (rF++)
You are vulnerable to cold. (rC-)
You float through the air rather than walking.
You learn spells naturally, not from books.
Your magical power is your life essence.
You have superior vitality. (+4 MHP)


Message History

Poisonous vapours surround the worm!
The worm is poisoned.
Aiming: Poisonous Vapours (safe; 9% risk of failure)
Press: ? - help, Q - select action, (/) - cycle Dir - move target, f/p - worm
Aim: a worm (poisoned) Poisonous vapours surround the worm!
The worm looks even sicker.
The worm bites you!
* * * LOW HITPOINT WARNING * * *
Found a stone staircase leading down.
There is a stone staircase leading down here.
The worm looks more healthy.
You fly downwards.
Found a faded altar of an unknown god.
There is a stone staircase leading up here.
You start resting.
HP restored.
There is a faded altar of an unknown god here.
This altar belongs to (a) Gozag, (b) Ignis or (c) Nemelex Xobeh, but you can't tell which.
Press the corresponding letter to learn more about a god, or press enter to convert or escape to cancel.
Ignis accepts your prayer! Ignis welcomes you!
Found a mace and a puce potion.
A rat comes into view.
Found a scroll labelled YCAGYIDA REAM.
The helpless rat fails to defend itself.
You hit the rat.
You kill the rat!
Found a scroll labelled AJAHOP VEUCZA.
e - a scroll labelled YCAGYIDA REAM An iguana comes into view.
You see here a scroll labelled AJAHOP VEUCZA.
f - a scroll labelled AJAHOP VEUCZA The iguana hisses angrily.
The iguana bites you! The iguana misses you. The iguana barely misses you.
The iguana closely misses you. The iguana bites you!
Ouch! That really hurt!
* * * LOW HITPOINT WARNING * * *
The iguana bites you!
You die...

..........####..##.#
.........#........# #
.................# ..
#)#####.............#
..
....................#
#.
........####........#
#.#######.###.........#
#.§.....§.##..#########
#.≈.<._.@.##.##
#.≈.....≈l...#
#.#######.#.## #
........#.# ####......#
########


You could see an iguana.

Vanquished Creatures
  An adder (D:2)
  A worm (D:2)
  A goblin (D:2)
  3 jackals (D:1)
  2 kobolds
  A ball python (D:1)
  A frilled lizard (D:1)
  A rat (D:3)
11 creatures vanquished.

Notes
Turn   | Place    | Note
-------+----------+-------------------------------------------
     0 | D:1      | ChrisAssaf the Djinni Venom Mage began the quest for the
                  | Orb.
     0 | D:1      | ChrisAssaf set off with the following spells memorised:
                  | Sting, Poisonous Vapours, Mephitic Cloud, Olgreb's Toxic
                  | Radiance.
     0 | D:1      | Reached XP level 1. HP: 15/15 MP: 0/0
    71 | D:1      | Reached XP level 2. HP: 19/21 MP: 0/0
   219 | D:2      | Found Unkakh's Book Boutique.
   241 | D:2      | Reached skill level 3 in Spellcasting
   241 | D:2      | Reached XP level 3. HP: 25/25 MP: 0/0
   241 | D:2      | Learned a level 1 spell: Kiss of Death
   312 | D:3      | Found a faded altar of an unknown god.
   394 | D:3      | Prayed at the altar of an unknown god.
   394 | D:3      | Became a worshipper of Ignis, the Dying Flame
   447 | D:3      | Mangled by an iguana

Illustrated notes

Levels and vault maps discovered:
D:1:      evilmike_arrival_hilbert_curve, layout_rooms, minmay_domino_2
D:2:      layout_rooms, serial_shops, shop
D:3:      layout_rooms, cheibriados_altar_1, kb_xom_exploding_sheep,
          nicolae_ecumenical_oubliette

Skill      XL: |  1  2 |
---------------+-------+-----
Spellcasting   | 3 |  3.0
Fighting       | |  0.3
Armour         | |  0.2
Dodging        | |  2.3
Stealth        | |  1.7

Action                     || total
---------------------------++-------
  Melee: Dagger            ||     1
   Cast: Sting             ||    11
         Poisonous Vapours ||     9
   Stab: Sleeping          ||     1
 Armour: Robe              ||     4
  Dodge: Dodged            ||    17
